 Dungeon Crawl Stone Soup version 0.30.1-3-gfc49f6343a (webtiles) character file.

Game seed: 1102891314830831664

13 shmup the Firebug (level 2, -2/15 HPs)
             Began as a Tengu Fire Elementalist on Aug 2, 2023.
             Slain by a gnoll
             ... wielding a +0 whip
              (6 damage)
             ... on level 1 of the Dungeon.
             The game lasted 00:01:18 (726 turns).

shmup the Firebug (Tengu Fire Elementalist)          Turns: 726, Time: 00:01:19

Health: -2/15      AC:  2    Str:  8    XL:     2   Next: 37%
Magic:  5/6        EV: 12    Int: 15    God:
Gold:   6          SH:  0    Dex: 14    Spells: 2/5 levels left

rFire   . . .        c - +0 short sword
rCold   . . .        (no shield)
rNeg    . . .        a - +0 robe
rPois   .            (helmet restricted)
rElec   .            (no cloak)
rCorr   .            (no gloves)
SInv    .            (boots unavailable)
Will    .....        (no amulet)
Stlth   ++           (no ring)
HPRegen 0.22/turn    (no ring)
MPRegen 0.10/turn

%: no passive effects
@: no status effects
A: beak, talons 3
a: no special abilities


You were on level 1 of the Dungeon.
You visited 1 branch of the dungeon, and saw 1 of its levels.

You collected 6 gold pieces.

Inventory:

Hand Weapons
 c - a +0 short sword (weapon)
Missiles
 e - 3 stones (quivered)
Armour
 a - a +0 robe (worn)
Scrolls
 d - a scroll of identify {unknown}
Potions
 b - 2 potions of magic


   Skills:
 - Level 2.1 Dodging
 - Level 2.0 Stealth
 - Level 2.0 Spellcasting
 + Level 2.1 Conjurations
 * Level 3.9 Fire Magic


You had 2 spell levels left.
You knew the following spells:

 Your Spells              Type           Power      Damage    Failure   Level
a - Foxfire               Conj/Fire      40%        2x1d6     6%          1
b - Scorch                Fire           26%        2d6       7%          2

Your spell library contained the following spells:

 Spells                   Type           Power      Damage    Failure   Level
 Inner Flame              Hex/Fire       7%         N/A       30%         3
 Volatile Blastmotes      Fire/Tloc      14%        2d11      30%         3
 Flame Wave               Conj/Fire      10%        2d6       54%         4


Dungeon Overview and Level Annotations

Branches:
Dungeon (1/15) Zot: 5271

Altars:


Innate Abilities, Weirdness & Mutations

You have a beak for a mouth.
You have claws for feet.


Message History

The dart slug is lightly wounded.
The bat hits you but does no damage. The bat attacks as you move away!
The bat barely misses you. The bat hits you but does no damage.
The dart slug launches a dart at you. The slug dart misses you.
The bat attacks as you move away! The bat hits you but does no damage.
The bat barely misses you. The bat hits you.
You open the door.
An endoplasm and a gnoll come into view.
The gnoll shouts!
The bat barely misses you. The bat misses you.
The bat hits you but does no damage.
There is an open door here.
The bat closely misses you. The bat attacks as you move away!
The bat barely misses you. x2
The bat closely misses you.
You open the door. The bat misses you. The gnoll barely misses you.
There is an open door here.
The bat barely misses you. The gnoll attacks as you move away!
The gnoll barely misses you. The gnoll attacks as you move away!
The gnoll barely misses you.
The endoplasm quivers.
The gnoll attacks as you move away! The gnoll barely misses you.
The gnoll attacks as you move away! The gnoll closely misses you.
The gnoll attacks as you move away! The gnoll barely misses you.
The gnoll attacks as you move away! The gnoll hits you with a +0 whip.
The gnoll attacks as you move away! The gnoll closely misses you.
The gnoll attacks as you move away! The gnoll hits you with a +0 whip.
* * * LOW HITPOINT WARNING * * *
You hit the gnoll but do no damage. Your kick misses the gnoll.
The gnoll hits you with a +0 whip.
* * * LOW HITPOINT WARNING * * *
The gnoll attacks as you move away! The gnoll closely misses you.
The gnoll attacks as you move away! The gnoll barely misses you.
Casting: Foxfire (safe; 6% risk of failure)
Confirm with . or Enter, or press ? or * to list all spells.
You conjure some foxfire!
The gnoll hits you with a +0 whip.
You die...

▒▒▒▒..▒▒ ▒.▒ ....b..▒ ▒▒▒▒▒.▒▒▒▒
▒... ▒▒▒...▒▒ ▒........▒ ▒...
▒▒.▒▒ ▒.▒▒▒.▒▒J▒ ▒▒.. ▒J▒ ▒.▒
▒.▒▒.▒ ▒... ▒.▒ ▒.▒ ▒.▒▒b▒ ▒..▒
▒▒w▒▒ ▒.▒ ▒.▒▒.▒ ▒..▒ ▒▒...▒▒
▒.▒▒▒v▒▒.▒ ▒..▒▒▒▒▒▒ ▒▒.....▒▒
▒....vQgb▒ ▒.....wJ.
▒.......▒▒▒▒▒▒..▒▒▒▒ ▒.▒▒.▒▒▒▒
........w▒▒▒▒...▒▒▒▒▒▒▒▒▒.▒...▒▒▒
.........'.........)%.....)......
.........▒▒▒▒...▒▒▒▒▒▒▒▒▒.▒.>.▒▒▒
▒.......▒▒ ▒......▒ ▒.....▒▒
▒▒.....▒▒ ▒.▒▒.▒.▒ ▒▒.▒.▒▒
▒▒...▒▒ ▒.▒▒.▒.▒ ▒▒▒.▒
▒▒+▒▒▒▒▒▒▒.▒▒.▒.▒ ▒.▒


You could see a gnoll (ally target) and a bat.

Vanquished Creatures
  A dart slug (D:1)
  An endoplasm (D:1)
  A giant cockroach (D:1)
  A hobgoblin (D:1)
  2 ball pythons (D:1)
  A frilled lizard (D:1)
  3 kobolds (D:1)
  A rat (D:1)
11 creatures vanquished.

Vanquished Creatures (collateral kills)
  A foxfire (D:1)
1 creature vanquished.

Vanquished Creatures (others)
  26 foxfires (D:1)
26 creatures vanquished.

Grand Total: 38 creatures vanquished

Notes
Turn   | Place    | Note
-------+----------+-------------------------------------------
     0 | D:1      | shmup the Tengu Fire Elementalist began the quest for the
                  | Orb.
     0 | D:1      | Reached XP level 1. HP: 10/10 MP: 4/4
   324 | D:1      | Reached XP level 2. HP: 15/15 MP: 3/6
   407 | D:1      | Learned a level 2 spell: Scorch
   726 | D:1      | Slain by a gnoll

Illustrated notes

Levels and vault maps discovered:
D:1:      dpeg_arrival_shrine, layout_loops_corners, serial_bayou_ford_a

Skill      XL: |  1  2 |
---------------+-------+-----
Conjurations   | 2 |  2.1
Dodging        | |  2.1
Stealth        | |  2.0
Spellcasting   | |  2.0
Fire Magic     | |  3.9

Action                     || total
---------------------------++-------
  Melee: Short sword       ||    10
         Unarmed           ||     2
         Peck              ||     1
         Kick              ||     1
   Cast: Foxfire           ||    19
         Scorch            ||     1
 Armour: Robe              ||    18
  Dodge: Dodged            ||    41
